 Dungeon Crawl Stone Soup version 0.15.1-4-gac8487e (webtiles) character file.

91 Nicoed the Shield-Bearer (level 4, -7/37 HPs)
             Began as a Formicid Fighter on Oct 13, 2014.
             Mangled by a gnoll
             ... wielding a +0 spear
              (8 damage)
             ... on Level 1 of the Dungeon.
             The game lasted 00:08:17 (1404 turns).

Nicoed the Shield-Bearer (Formicid Fighter)         Turns: 1404, Time: 00:08:17

HP  -7/37        AC  7     Str 21      XL: 4   Next: 88%
MP   5/5         EV  7     Int  8      God:
Gold 51          SH  9     Dex 10      Spells:  0 memorised,  3 levels left

rFire  + . .     SeeInvis +     a - +0 long sword
rCold  x . .     Clarity  .     b - +0 scale mail
rNeg   . . .     rCorr    .     c - +0 shield
rPois  .         rRot     .     (helmet unavailable)
rElec  .         Spirit   .     (no cloak)
SustAb .         Warding  .     (no gloves)
rMut   .         Stasis   +     (no boots)
Gourm  .                        (no amulet)
MR     .....                    (no ring)
                                t - ring of fire

@: not resistant to hostile enchantments, extremely unstealthy
A: permanent stasis, dig shafts and tunnels, four strong arms, antennae 3
a: Dig, Shaft Self


You were on level 1 of the Dungeon.
You were not hungry.

You visited 1 branch of the dungeon, and saw 2 of its levels.

You collected 51 gold pieces.

Inventory:

Hand weapons
 a - a +0 long sword (weapon)
Missiles
 d - 10 poisoned needles
 h - 10 bolts of penetration
 k - 3 tomahawks (quivered)
 p - 44 arrows
Armour
 b - a +0 scale mail (worn)
 c - a +0 shield (worn)
Scrolls
 g - a scroll of immolation {unknown}
 j - a scroll of amnesia {unknown}
 l - a scroll of recharging {unknown}
 m - 2 scrolls of remove curse {unknown}
 q - a scroll of identify {unknown}
Jewellery
 t - a ring of fire (left hand)
Potions
 e - 2 potions of might
 i - a potion of haste {unknown}
 n - a potion of brilliance {unknown}
 o - a potion of cure mutation {unknown}
 r - a potion of agility {unknown}
 u - a potion of mutation {unknown}
 v - a potion of flight {unknown}
Books
 s - a book of Conjurations

   Spells                             Type                      Level
   Magic Dart                         Conjuration                  1
   Searing Ray                        Conjuration                  2
   Dazzling Spray                     Conjuration/Hexes            3
   Fulminant Prism                    Conjuration/Hexes            4
   Iskenderun's Mystic Blast          Conjuration                  4
   Iskenderun's Battlesphere          Conjuration/Charms           5


   Skills:
 + Level 4.1 Fighting
 + Level 3.0 Long Blades
 + Level 4.0 Armour
 + Level 4.3 Shields


You had 3 spell levels left.
You didn't know any spells.

Dungeon Overview and Level Annotations

Branches:
Dungeon (2/15)

Altars:
Xom


Innate Abilities, Weirdness & Mutations

Your are under a permanent stasis effect.
You can dig through walls and to a lower floor.
Your four strong arms can wield two-handed weapons with a shield.
You have a pair of large antennae on your head (SInv).


Message History

* * * LOW HITPOINT WARNING * * *
You block the gnoll's attack.
You hit the gnoll.
The gnoll is moderately wounded.
The gnoll hits you from afar with a spear!
* * * LOW HITPOINT WARNING * * *
You block the gnoll's attack. The gnoll hits you but does no damage.
The gnoll hits you but does no damage.
Your shield and scale mail prevent you from hitting the gnoll.
The gnoll is moderately wounded.
The gnoll hits you but does no damage. You block the gnoll's attack.
Unknown command.
The gnoll hits you from afar with a spear.
* * * LOW HITPOINT WARNING * * *
You block the gnoll's attack.
You climb upwards.
There is a stone staircase leading down here.
Unknown command.
The gnoll hits you from afar with a spear!
You die...

##...#############..#
#...................#
.....#####.########.#
###.## #.# #.# ###
##.## #.# ##.#.## #.#
##.###.## #.#
#######.## ##.#####.#
.......## ##g>@...#
#######.## ##.#######
##.###.##
#########.#.##
...........##
############


You could see a gnoll.

Vanquished Creatures
  5 gnolls (D:2)
  A worm (D:2)
  A giant gecko (D:1)
  An ooze (D:1)
  2 giant cockroaches
  6 goblins
  8 hobgoblins
  2 jackals (D:1)
  A ball python (D:1)
  5 bats
  2 giant newts (D:1)
  3 kobolds
37 creatures vanquished.

Notes
Turn   | Place    | Note
--------------------------------------------------------------
     0 | D:1      | Nicoed, the Formicid Fighter, began the quest for the Orb.
     0 | D:1      | Reached XP level 1. HP: 18/18 MP: 1/1
   232 | D:1      | Reached XP level 2. HP: 12/24 MP: 3/3
   477 | D:1      | Reached XP level 3. HP: 29/29 MP: 4/4
   903 | D:2      | Reached skill level 4 in Shields
  1123 | D:2      | Reached XP level 4. HP: 22/37 MP: 5/5
  1285 | D:2      | Found a shimmering altar of Xom.
  1402 | D:2      | HP: 1/37 [gnoll/spear (4)]
  1404 | D:1      | Mangled by a gnoll

Action                   |  1- 3 |  4- 6 || total
-------------------------+-------+-------++-------
Melee: Long sword        |   127 |    31 ||   158
  Eat: Bread ration      |     1 |       ||     1
